 Dungeon Crawl Stone Soup version 0.29.0-4-gdea44cf6ec (webtiles) character file.

Game seed: 6289926082258440852

5 qw the Chopper (level 1, 0/12 HPs)
             Began as a Tengu Warper on Aug 28, 2022.
             Slain by a jackal (3 damage)
             ... on level 1 of the Dungeon.
             The game lasted 00:00:00 (68 turns).

qw the Chopper (Tengu Warper)                         Turns: 68, Time: 00:00:00

Health: 0/12       AC:  3    Str: 11    XL:     1   Next: 80%
Magic:  4/4        EV: 11    Int: 13    God:
Gold:   12         SH:  0    Dex: 13    Spells: 4/4 levels left

rFire   . . .      SeeInvis .   a - +0 hand axe
rCold   . . .      Faith    .   (no shield)
rNeg    . . .      Spirit   .   b - +0 leather armour
rPois   .          Reflect  .   (helmet restricted)
rElec   .          Harm     .   (no cloak)
rCorr   .          Rampage  .   (no gloves)
Will    .....                   (boots unavailable)
Stlth   +.........              (no amulet)
HPRegen 0.04/turn               (no ring)
MPRegen 0.09/turn               (no ring)

@: no status effects
A: beak, talons 3
a: no special abilities


You were on level 1 of the Dungeon.
You visited 1 branch of the dungeon, and saw 1 of its levels.

You collected 12 gold pieces.


Innate Abilities, Weirdness & Mutations

You have a beak for a mouth.
You have claws for feet.


   Skills:
 - Level 2.0 Fighting
 + Level 2.8 Axes
 - Level 1.0 Throwing
 - Level 1.1 Armour
 - Level 2.1 Dodging
 - Level 2.0 Spellcasting
 - Level 2.4 Translocations


You had 4 spell levels left.
You didn't know any spells.
Your spell library contained the following spells:

 Spells                   Type           Power      Damage    Failure   Level
 Blink                    Tloc           14%        N/A       19%         2
 Gell's Gravitas          Tloc           7%         N/A       36%         3
 Lesser Beckoning         Tloc           7%         N/A       36%         3
 Teleport Other           Tloc           7%         N/A       36%         3
 Manifold Assault         Tloc           7%         N/A       98%         5

Inventory:

Hand Weapons
 a - a +0 hand axe (weapon)
 e - a +0 club
Armour
 b - a +0 leather armour (worn)
Scrolls
 c - a scroll of blinking

Dungeon Overview and Level Annotations

Branches:
Dungeon (1/15)

Altars:


Message History

You see here a giant cockroach corpse.
Found 4 poisoned darts.
e - a +0 club A kobold comes into view. It is wielding a +0 whip.
Enter note:
Enter note: Throw: 3 boomerangs (disperse)
Press: ? - help, Q - select action Shift-Dir - straight line, f - kobold You throw a boomerang of dispersal.
The boomerang of dispersal hits the kobold.
The kobold blinks!
You feel a bit more experienced.
You now have 12 gold pieces.
A hobgoblin and 2 jackals come into view.
The hobgoblin shouts!
The jackal barks!
The jackal moves out of view.
Throw: 2 boomerangs (disperse)
Press: ? - help, Q - select action Shift-Dir - straight line, f - jackal You throw a boomerang of dispersal.
The boomerang of dispersal hits the jackal.
The jackal blinks!
You feel a bit more experienced.
A jackal comes into view. x2
The jackal moves out of view.
62 ||| Stepping ~*~*~tactically~*~*~ (stealth).
Throw: boomerang (disperse)
Press: ? - help, Q - select action Shift-Dir - straight line, f - jackal You throw a boomerang of dispersal.
The boomerang of dispersal barely misses the jackal.
You closely miss the jackal. Your kick misses the jackal.
Your peck misses the jackal. You barely miss the hobgoblin.
The jackal bites you but does no damage.
The hobgoblin misses you.
The jackal bites you but does no damage.
You barely miss the jackal. You closely miss the hobgoblin.
The jackal barks!
The jackal bites you.
A kobold comes into view. It is wielding a +0 whip.
The hobgoblin hits you.
You hit the jackal but do no damage. You hit the hobgoblin.
The jackal bites you. The hobgoblin hits you. The jackal bites you.
You die...

#....##..... #...........
#.......... . ##.#...#...
.. ........#+####... .#
###.#.............. .#
#...###.....h.h....
.###.##.........@h.......
... ..#..........g.#.#..
.# #.#...###...##.#
.####.#...###...# .#
......(.............
......##.##.#..#.#g#.
...##.##......##.#...#
##.##.........# .#.# #
##.##.#..##..... ..


You could see 3 jackals and a hobgoblin.

Vanquished Creatures
  A giant cockroach (D:1)
  A goblin (D:1)
  A jackal (D:1)
  A kobold (D:1)
4 creatures vanquished.

Notes
Turn   | Place    | Note
-------+----------+-------------------------------------------
     0 | D:1      | qw the Tengu Warper began the quest for the Orb.
     0 | D:1      | Reached XP level 1. HP: 12/12 MP: 4/4
     0 | D:1      | 0 ||| qw: Version: 0.1-a-89-g26bdef1
     0 | D:1      | 0 ||| qw: Game counter: 2669
     0 | D:1      | 0 ||| qw: Always use a shield: true
     0 | D:1      | 0 ||| qw: God list: Okawaru
     0 | D:1      | 0 ||| qw: Allow faded altars: false
     0 | D:1      | 0 ||| qw: Do Orc after D:15 true
     0 | D:1      | 0 ||| qw: Do second Lair branch before Depths: true
     0 | D:1      | 0 ||| qw: Lair rune preference: random
     0 | D:1      | 0 ||| qw: Plans: Normal
     0 | D:1      | 0 ||| PLANNING D:1-11
    62 | D:1      | 62 ||| Stepping ~*~*~tactically~*~*~ (stealth).
    68 | D:1      | HP: 3/12 [hobgoblin (4)]
    68 | D:1      | Slain by a jackal

Levels and vault maps discovered:
D:1:      dpeg_arrival_rooms_with_view, layout_basic,
          dreamdust_ecumenical_altar_grove

Action                   || total
-------------------------++-------
Melee: Hand axe          ||     6
       Kick              ||     1
       Peck              ||     1
Throw: Boomerang         ||     7
Armor: Leather armour    ||     3
Dodge: Dodged            ||     2

Table legend:
 A = Non-vault XP
 B = Vault XP
 C = Vault XP percentage of total XP
 D = Non-vault monster count
 E = Vault monster count
 F = Vault count percentage of total count
                 A         B        C        D         E       F
            +---------+---------+-------+---------+---------+-------
      Total |       6 |       2 |  25.0 |       3 |       1 |  25.0
            +---------+---------+-------+---------+---------+-------
        D:1 |       6 |       2 |  25.0 |       3 |       1 |  25.0
            +---------+---------+-------+---------+---------+-------
